 Dungeon Crawl Stone Soup version 0.27.1-3-gb3d3a73c9e (webtiles) character file.

Game seed: 14642288330644741468

123 Crownlay the Digger (level 5, -1/28 HPs)
             Began as a Gargoyle Earth Elementalist on Oct 17, 2021.
             Slain by an ogre (7 damage)
             ... on level 3 of the Dungeon.
             The game lasted 00:06:01 (2984 turns).

Crownlay the Digger (Gargoyle Earth Elementalist)   Turns: 2984, Time: 00:06:02

Health: -1/28      AC:  6    Str: 11    XL:     5   Next: 7%
Magic:  8/9        EV: 11    Int: 17    God:
Gold:   42         SH:  0    Dex: 10    Spells: 6/10 levels left

rFire    . . .     SeeInvis .   g - +1 dagger (freeze)
rCold    . . .     Faith    .   (no shield)
rNeg     + + .     Spirit   .   b - +0 robe
rPois    ∞         Reflect  .   (no helmet)
rElec    +         Harm     .   (no cloak)
rCorr    .         Rampage  .   (no gloves)
Will     .....                  (no boots)
Stlth    ++........             (no amulet)
HPRegen  0.09/turn              o - ring of positive energy
MPRegen  0.11/turn              (no ring)

@: no status effects
A: sickness immunity, AC +4, negative energy resistance 1, electricity
resistance, torment resistance 1, petrification resistance
a: no special abilities


You were on level 3 of the Dungeon.
You visited 1 branch of the dungeon, and saw 3 of its levels.

You collected 68 gold pieces.
You spent 26 gold pieces at shops.

Inventory:

Hand Weapons
 g - a +1 dagger of freezing (weapon)
Missiles
 c - 122 stones
 e - 32 poisoned darts
 q - a throwing net
Armour
 b - a +0 robe (worn)
 f - a +0 kite shield
Jewellery
 o - a ring of positive energy (left hand)
Scrolls
 d - 2 scrolls of identify {unknown}
 h - a scroll of noise {unknown}
 j - a scroll of brand weapon {unknown}
 l - a scroll of enchant armour {unknown}
 m - a scroll of teleportation {unknown}
Potions
 a - a potion of curing {unknown}
 i - 3 potions of might {unknown}
 k - a potion of heal wounds {unknown}
 n - a potion of brilliance {unknown}
 p - a potion of attraction {unknown}


   Skills:
 - Level 1.5 Dodging
 - Level 2.1 Stealth
 + Level 3.0 Spellcasting
 - Level 0.7 Transmutations
 * Level 5.9 Earth Magic


You had 6 spell levels left.
You knew the following spells:

 Your Spells              Type           Power      Damage    Failure   Level
a - Sandblast             Erth           44%        2d11      1%          1
b - Stone Arrow           Conj/Erth      24%        3d8       16%         3

Your spell library contained the following spells:

 Spells                   Type           Power      Damage    Failure   Level
 Passwall                 Tmut/Erth      11%        N/A       7%          2
 Petrify                  Tmut/Erth      14%        N/A       41%         4


Dungeon Overview and Level Annotations

Branches:
Dungeon (3/15)

Altars:
Yredelemnul

Shops:
D:2 !(:=(


Innate Abilities, Weirdness & Mutations

You are immune to sickness and miasma.
Your stone body is resilient. (AC +4)
You are immune to poison.
You resist negative energy. (rN+)
You are resistant to electric shocks. (rElec)
You are resistant to unholy torment.
You are immune to petrification.


Message History

The adder closely misses you.
You are too injured to fight recklessly!
You are too injured to fight recklessly!
You are too injured to fight recklessly!
You are too injured to fight recklessly!
You are too injured to fight recklessly!
You are too injured to fight recklessly!
You are too injured to fight recklessly!
You are too injured to fight recklessly!
You are too injured to fight recklessly!
Casting: Sandblast (safe; 1% risk of failure)
Confirm with . or Enter, or press ? or * to list all spells.
Okay, then.
The ogre misses you.
A dart slug comes into view.
Casting: Sandblast (safe; 1% risk of failure)
Confirm with . or Enter, or press ? or * to list all spells.
Aiming: Sandblast (safe; 1% risk of failure)
Press: ? - help, Shift-Dir - straight line, f - adder
Aim: an adder (severely wounded, 68% to hit)
Okay, then.
You miss the adder.
The adder is severely wounded.
The adder closely misses you. x2
You closely miss the adder.
The adder is severely wounded.
The adder bites you.
* * * LOW HITPOINT WARNING * * *
You hit the adder. You freeze the adder.
You kill the adder!
You have reached level 5!
Casting: Sandblast (safe; 1% risk of failure)
Confirm with . or Enter, or press ? or * to list all spells.
Aiming: Sandblast (safe; 1% risk of failure)
Press: ? - help, Shift-Dir - straight line, f - ogre
Aim: an ogre, wielding a +0 giant spiked club (91% to hit)
The blast of sand hits the ogre!
The ogre is moderately wounded.
The ogre hits you with a +0 giant spiked club!
You die...

## .. #. ..
..# #. ##.#
#..# ..
...#..... .#.
#..#.#..# #.#.
###.......# .
.. #.........w
.# #. #
#.#O#...###
#.##.#@# ###
#......# ###
## ####.###
#####.. .# #.#
#.....# ##.###
##.#
#.....###.....
#..#
#.......#..#..
#.##
#.....#.#..#.#
#.#
#.....#.#..#..
#.#
#####.........


You could see an ogre.

Vanquished Creatures
  4 gnolls (D:3)
  2 adders
  A worm (D:3)
  5 ball pythons
  4 endoplasms
  2 giant cockroaches (D:1)
  10 goblins
  7 hobgoblins
  3 jackals (D:1)
  3 quokkas (D:1)
  5 bats
  A frilled lizard (D:1)
  9 kobolds
  5 rats
61 creatures vanquished.

Notes
Turn   | Place    | Note
-------+----------+-------------------------------------------
     0 | D:1      | Crownlay the Gargoyle Earth Elementalist began the quest
                  | for the Orb.
     0 | D:1      | Reached XP level 1. HP: 10/10 MP: 3/3
   428 | D:1      | Reached skill level 4 in Earth Magic
   440 | D:1      | Reached XP level 2. HP: 12/15 MP: 1/5
   812 | D:1      | Found a faded altar of an unknown god.
   955 | D:1      | Reached XP level 3. HP: 14/19 MP: 0/6
   959 | D:1      | Learned a level 3 spell: Stone Arrow
  1633 | D:2      | Reached skill level 5 in Earth Magic
  1760 | D:2      | Found Uvvaphy's Weapon Shop.
  1766 | D:2      | Found Tollem's Book Shop.
  1891 | D:2      | Reached XP level 4. HP: 17/24 MP: 8/8
  1987 | D:2      | Found a basalt altar of Yredelemnul.
  1991 | D:2      | Found Gasut's Distillery.
  2149 | D:2      | Found Raffae's Weapon Boutique.
  2154 | D:2      | Bought 24 stones for 26 gold pieces
  2214 | D:2      | Found Tuapn's Jewellery Boutique.
  2971 | D:3      | Noticed an ogre
  2984 | D:3      | Reached XP level 5. HP: 5/28 MP: 9/9
  2984 | D:3      | Slain by an ogre

Illustrated notes

Levels and vault maps discovered:
D:1:      minmay_arrival_loop, layout_basic,
          dreamdust_ecumenical_altar_angels_and_demons, minmay_fountain_box
D:2:      layout_loops_cross, serial_shops, shop, nicolae_shop_behind_doors,
          shop, nicolae_shop_crystal, nicolae_shop_trees, basic_altar
D:3:      layout_loops_cross

Skill      XL: |  1  2  3  4 |
---------------+-------------+-----
Earth Magic    | 4 5 |  5.9
Spellcasting   | 3 |  3.0
Dodging        | |  1.5
Stealth        | |  2.1
Transmutations | |  0.7

Action                   |  1- 3 |  4- 6 || total
-------------------------+-------+-------++-------
Melee: Mace              |    38 |       ||    38
       Dagger            |    93 |    34 ||   127
 Cast: Sandblast         |    10 |    11 ||    21
 Stab: Sleeping          |     1 |     3 ||     4
Armor: Robe              |    52 |     7 ||    59
Dodge: Dodged            |    73 |    23 ||    96
